 Dungeon Crawl Stone Soup version 0.28.0-43-g3370ac3207 (webtiles) character file.

Game seed: 1321942526138407247

75 demenzo the Chopper (level 4, 0/41 HPs)
             Began as a Hill Orc Cinder Acolyte on Mar 18, 2022.
             Was a High Priest of Ignis.
             Slain by a dart slug (1 damage)
             ... on level 4 of the Dungeon.
             The game lasted 00:02:52 (2279 turns).

demenzo the Chopper (Hill Orc Cinder Acolyte)       Turns: 2279, Time: 00:02:53

Health: 0/41       AC: -2    Str: 18    XL:     4   Next: 31%
Magic:  5/5        EV:  7    Int: 14    God:    Ignis [*****.]
Gold:   79         SH:  0    Dex:  6    Spells: 3/5 levels left

rFire   + . .      SeeInvis .   a - -1 hand axe (flame)
rCold   . . .      Faith    .   (no shield)
rNeg    . . .      Spirit   .   h - +0 chain mail
rPois   .          Reflect  .   (no helmet)
rElec   .          Harm     .   g - +0 cloak
rCorr   .          Rampage  .   (no gloves)
Will    .....                   (no boots)
Stlth   ..........              (no amulet)
HPRegen 0.13/turn               (no ring)
MPRegen 0.09/turn               (no ring)

@: corroded
A: no striking features
a: Renounce Religion, Fiery Armour, Foxfire Swarm, Rising Flame


You were on level 4 of the Dungeon.
You worshipped Ignis.
Ignis was extremely pleased with you.
You visited 1 branch of the dungeon, and saw 4 of its levels.

You collected 79 gold pieces.

Inventory:

Hand Weapons
 a - a -1 hand axe of flaming (weapon)
Missiles
 d - 73 bolts
 i - 78 stones (quivered)
 n - 2 boomerangs
 p - 40 sling bullets
 s - 31 arrows
Armour
 b - a +0 robe
 e - a +0 ring mail
 g - a +0 cloak (worn)
 h - a +0 chain mail (worn)
Jewellery
 f - a ring of flight
 r - a ring of protection from cold
Scrolls
 c - a scroll of silence {unknown}
 o - a scroll of blinking {unknown}
 q - a scroll of identify {unknown}
Potions
 j - a potion of degeneration {unknown}
 k - a potion of flight {unknown}
 l - a potion of resistance {unknown}
 m - a potion of haste {unknown}


   Skills:
 + Level 4.3 Fighting
 * Level 5.4 Axes
 + Level 1.9 Armour
 - Level 1.0 Spellcasting
 - Level 3.2 Fire Magic


You had 3 spell levels left.
You knew the following spells:

 Your Spells              Type           Power      Damage    Failure   Level
a - Scorch                Fire           18%        2d5       82%         2

Your spell library contained the following spells:

 Spells                   Type           Power      Damage    Failure   Level


Dungeon Overview and Level Annotations

Branches:
Dungeon (4/15)
 Temple: D:4-7

Altars:

Shops:
D:1 [   D:2 [


Message History

There is a stone staircase leading up here.
There are monsters nearby!
Unknown command.
There are monsters nearby! 2 jackals come into view.
The jackal barks!
The jackal moves out of view.
You barely miss the jackal. You hit the jackal. You burn the jackal.
You kill the jackal!
The jackal barely misses you.
The jackal bites you but does no damage.
The jackal bites you.
You hit the jackal. You burn the jackal.
You kill the jackal!
You barely miss the jackal.
The jackal bites you but does no damage.
You hit the jackal. You burn the jackal.
You kill the jackal!
The jelly hits you.
You are splashed with acid!
You hit the jelly but do no damage. The acid corrodes you!
Your hands burn!
The jelly hits you. The acid corrodes you!
You are splashed with acid!
You are too injured to fight recklessly!
You are too injured to fight recklessly!
A dart slug comes into view.
The dart slug launches a dart at you. The slug dart hits you.
Found 11 gold pieces.
You see here 11 gold pieces.
You hit the jelly but do no damage. The acid corrodes you!
Your hands burn!
* * * LOW HITPOINT WARNING * * *
The jelly closely misses you.
Unknown command.
The jelly barely misses you. The jelly hits you.
* * * LOW HITPOINT WARNING * * *
You are splashed with acid!
* * * LOW HITPOINT WARNING * * *
Unknown command.
The dart slug bites you.
You die...

.......#.. .........
#. #......
..####.....# ####
..........# ###..#
#.........###....#
##..............# .
#.........w.J..$#
....##.<.......@...###
....................#
##.#.###.†...........#
# #.#....!......##
#.............#
.w..#.........#
#..###........## ...
.......... ...w
.......


You could see a jelly and a dart slug.

Vanquished Creatures
  An adder (D:2)
  A worm (D:2)
  2 dart slugs
  4 bats
  11 endoplasms
  2 goblins
  3 hobgoblins
  7 jackals
  2 quokkas (D:2)
  7 ball pythons
  3 frilled lizards
  5 kobolds
  7 rats
55 creatures vanquished.

Notes
Turn   | Place    | Note
-------+----------+-------------------------------------------
     0 | D:1      | demenzo the Hill Orc Cinder Acolyte began the quest for the
                  | Orb.
     0 | D:1      | Reached XP level 1. HP: 19/19 MP: 2/2
   141 | D:1      | Found Cuareimn's Antique Armour Boutique.
   269 | D:1      | Reached XP level 2. HP: 19/27 MP: 3/3
   273 | D:1      | Learned a level 2 spell: Scorch
   535 | D:1      | Found a faded altar of an unknown god.
   674 | D:1      | Reached skill level 1 in Armour
   895 | D:2      | Reached XP level 3. HP: 33/33 MP: 4/4
   999 | D:2      | Found Rinead's Antique Armour Shoppe.
  1038 | D:2      | Reached skill level 5 in Axes
  1323 | D:2      | You fall into a shaft and drop 1 floor!
  1387 | D:2      | Reached XP level 4. HP: 40/40 MP: 5/5
  2276 | D:4      | HP: 1/41 [acid (9)]
  2279 | D:4      | Slain by a dart slug

Illustrated notes

Levels and vault maps discovered:
D:1:      dpeg_arrival_lava_altar, layout_rooms, serial_shops,
          nicolae_diamond_shop, hellmonk_ecumenical_altar_crossroads,
          minivault_19, minmay_shallow_snake_nest
D:2:      layout_basic, serial_shops, shop, kennysheep_generic_room_4
D:3:      layout_loops_ring
D:4:      layout_cave_pools, mainiacjoe_overflow_catch_the_wave

Skill      XL: |  1  2  3 |
---------------+----------+-----
Armour         | 1 |  1.9
Fighting       | 4 |  4.3
Axes           | 5 |  5.4
Spellcasting   | |  1.0
Fire Magic     | |  3.2

Action                   |  1- 3 |  4- 6 || total
-------------------------+-------+-------++-------
Melee: Hand axe          |    95 |    31 ||   126
Armor: Ring mail         |     7 |       ||     7
       Chain mail        |    39 |    10 ||    49
Dodge: Dodged            |    24 |    15 ||    39
